 Dungeon Crawl Stone Soup version 0.29-a0-322-g68df515428 (webtiles) character file.

Game seed: 15267078135490414929

2847 zishaf the Covert (level 9, -11/49 HPs)
             Began as a Vine Stalker Brigand on Apr 8, 2022.
             Was a Believer of Uskayaw.
             Mangled by a warg (13 damage)
             ... on level 8 of the Dungeon.
             The game lasted 00:10:03 (7345 turns).

zishaf the Covert (Vine Stalker Brigand)            Turns: 7345, Time: 00:10:04

Health: -11/49     AC:  8    Str: 15    XL:     9   Next: 74%
Magic:  0/14       EV: 12    Int: 11    God:    Uskayaw [**....]
Gold:   286        SH:  0    Dex: 19    Spells: 8/8 levels left

rFire   + . .      SeeInvis .   o - +3 dagger (vamp)
rCold   + . .      Faith    .   (no shield)
rNeg    . . .      Spirit   +   z - +2 robe {rC+}
rPois   .          Reflect  .   B - +1 helmet
rElec   .          Harm     .   c - +0 cloak
rCorr   .          Rampage  .   G - +0 pair of gloves
Will    ++...                   (no boots)
Stlth   ++++......              (no amulet)
HPRegen 0.96/turn               s - ring of protection from fire
MPRegen 0.14/turn               H - ring of willpower

@: no status effects
A: fangs 3, regeneration 1, magic shield, antimagic bite, no potion heal 2
a: Renounce Religion, Stomp, Line Pass


You were on level 8 of the Dungeon.
You worshipped Uskayaw.
Uskayaw was noncommittal.
You visited 2 branches of the dungeon, and saw 9 of its levels.

You collected 381 gold pieces.
You spent 95 gold pieces at shops.

Inventory:

Hand Weapons
 a - a +2 dagger
 o - a +3 vampiric dagger (weapon)
Missiles
 d - 18 poisoned darts (quivered)
 e - 2 curare-tipped darts
Armour
 b - a +0 robe
 c - a +0 cloak (worn)
 z - a +2 robe of cold resistance (worn)
 B - a +1 helmet (worn)
 D - a +1 leather armour of poison resistance
 G - a +0 pair of gloves (worn)
Jewellery
 s - a ring of protection from fire (left hand)
 y - a +6 ring of intelligence
 A - a ring of poison resistance
 C - a ring of positive energy
 H - a ring of willpower (right hand)
 J - a ring of ice
Wands
 k - a wand of iceblast (10)
 t - a wand of flame (18)
Scrolls
 i - a scroll of fog
 m - 2 scrolls of fear
 n - a scroll of magic mapping
 u - a scroll of teleportation
 w - 2 scrolls of enchant weapon
 E - 2 scrolls of identify
 I - a scroll of acquirement {unknown}
Potions
 f - 3 potions of brilliance
 g - a potion of lignification {unknown}
 h - 3 potions of flight
 j - 2 potions of mutation
 l - 2 potions of haste
 p - a potion of ambrosia
 q - 4 potions of curing {unknown}
 r - a potion of heal wounds {unknown}
 v - a potion of cancellation {unknown}
 x - 3 potions of attraction {unknown}
 F - a potion of invisibility {unknown}


   Skills:
 + Level 6.8 Fighting
 + Level 6.8 Short Blades
 - Level 1.7 Throwing
 - Level 1.0 Dodging
 + Level 9.1 Stealth
 * Level 5.6 Invocations


You had 8 spell levels left.
You didn't know any spells.
Your spell library contained the following spells:

 Spells                   Type           Power      Damage    Failure   Level
 Sandblast                Erth           0%         2d4       34%         1
 Passwall                 Tmut/Erth      0%         N/A       47%         2
 Stone Arrow              Conj/Erth      0%         3d7       71%         3


Dungeon Overview and Level Annotations

Branches:
Dungeon (8/15)             Temple (1/1) D:6            Lair (0/6) D:8

Altars:
Ashenzari
Cheibriados
Dithmenos
Elyvilon
Fedhas
Gozag
Hepliaklqana
Kikubaaqudgha
Makhleb
Nemelex Xobeh
Okawaru
Qazlal
Ru
Sif Muna
Uskayaw
Vehumet
Wu Jian
Xom
Yredelemnul

Shops:
D:6 [


Innate Abilities, Weirdness & Mutations

You have razor-sharp teeth.
Your natural rate of healing is unusually fast.
When hurt, damage is shared between your health and your magic reserves.
Your bite disrupts and absorbs the magic of your enemies.
Potions cannot restore your health.


Message History

You hit the warg. You bite the warg, but do no damage.
The warg is lightly wounded.
The warg bites you! The warg bites you but does no damage.
You hit the warg.
You feel better.
The warg is moderately wounded.
The warg bites you but does no damage. The warg bites you.
The orc roars noisily.
You miss the warg.
The warg is moderately wounded.
The warg closely misses you. The warg bites you.
You closely miss the warg.
The warg is moderately wounded.
The warg bites you! The warg barely misses you.
You hit the warg.
The warg is heavily wounded.
The warg bites you! The warg bites you but does no damage.
You can now pass through a line of other dancers.
You completely miss the warg.
The warg is heavily wounded.
The warg barely misses you. The warg bites you!
You are too injured to fight recklessly!
You are too injured to fight recklessly!
You hit the warg. Your bite misses the warg.
The warg is heavily wounded.
The orc barely misses you.
You hit the warg but do no damage.
The warg is heavily wounded.
The warg bites you. The warg bites you!
* * * LOW HITPOINT WARNING * * *
The orc hits you with a +0 flail.
* * * LOW HITPOINT WARNING * * *
You hit the warg but do no damage. You bite the warg, but do no damage.
The warg is heavily wounded.
The warg closely misses you. The warg barely misses you.
You closely miss the warg. Your bite misses the warg.
The warg is heavily wounded.
The warg bites you!
* * * LOW HITPOINT WARNING * * *
The warg bites you!
You die...

...)..........##..##
#.))..........#....#
#..#######....##...###
...# #..#...#.....#
.<.# #.>.........##
...# #............#
...# #...........##
...# #......o#####
...# #.....oh@# ...#
#......h## ...#
#......o# ....
...#....## ...#.....#
.....#....##
.....##....##
#...........##
#..#######o..##


You could see 2 wargs, an orc warrior and 2 orcs.

Vanquished Creatures
  A kobold demonologist (D:7)
  Sigmund (D:4)
  Eustachio (D:4)
  Menkaure (D:6)
  Edmund (D:4)
  3 ice beasts
  A sky beast (D:6)
  An ogre (D:7)
  2 phantoms
  4 centaurs
  A bullfrog (D:7)
  A kobold brigand (D:6)
  A necrophage (D:7)
  2 scorpions
  Blork the orc (D:5)
  5 wights (D:7)
  A howler monkey (D:6)
  A jelly (D:7)
  4 hounds
  3 orc priests (D:7)
  Jessica (D:2)
  3 orc wizards
  2 adders
  A shadow imp (D:7)
  A white imp (D:6)
  An ufetubus (D:5)
  A worm (D:2)
  A dart slug (D:4)
  11 orcs
  5 ball pythons
  4 endoplasms
  A giant cockroach (D:2)
  7 goblins
  6 hobgoblins
  11 kobolds
  2 quokkas
  A bat (D:1)
  3 frilled lizards
98 creatures vanquished.

Vanquished Creatures (others)
  A bush (D:7)
1 creature vanquished.

Grand Total: 99 creatures vanquished

Notes
Turn   | Place    | Note
-------+----------+-------------------------------------------
     0 | D:1      | zishaf the Vine Stalker Brigand began the quest for the
                  | Orb.
     0 | D:1      | Reached XP level 1. HP: 11/11 MP: 2/2
   658 | D:1      | Reached XP level 2. HP: 9/15 MP: 3/3
   949 | D:1      | Reached skill level 5 in Stealth
  1070 | D:1      | Reached skill level 1 in Dodging
  1961 | D:2      | Reached XP level 3. HP: 19/19 MP: 4/4
  2037 | D:2      | Noticed Jessica
  2045 | D:2      | Killed Jessica
  2046 | D:2      | Gained mutation: Your natural rate of healing is unusually
                  | fast. [Vine Stalker growth]
  2046 | D:2      | Reached XP level 4. HP: 14/23 MP: 3/5
  2342 | D:3      | Noticed an ice beast
  2360 | D:3      | Killed an ice beast
  2361 | D:3      | Reached XP level 5. HP: 8/28 MP: 2/6
  3170 | D:4      | Noticed Edmund
  3181 | D:4      | Noticed Sigmund
  3186 | D:4      | Killed Edmund
  3187 | D:4      | Reached skill level 6 in Stealth
  3187 | D:4      | Reached XP level 6. HP: 30/33 MP: 7/7
  3365 | D:4      | Killed Sigmund
  3366 | D:4      | Reached XP level 7. HP: 30/38 MP: 8/8
  3432 | D:4      | Found an iron altar of Okawaru.
  3609 | D:4      | Noticed Eustachio
  3632 | D:4      | Killed Eustachio
  3987 | D:5      | Entered Level 5 of the Dungeon
  4110 | D:5      | Reached skill level 5 in Fighting
  4110 | D:5      | Reached skill level 5 in Short Blades
  4418 | D:5      | Noticed Blork the orc
  4435 | D:5      | Killed Blork the orc
  4436 | D:5      | Reached skill level 7 in Stealth
  4951 | D:6      | Gained mutation: You have razor-sharp teeth. [Vine Stalker
                  | growth]
  4951 | D:6      | Reached XP level 8. HP: 43/43 MP: 9/9
  4989 | D:6      | Found a staircase to the Ecumenical Temple.
  4995 | Temple   | Entered the Ecumenical Temple
  5182 | Temple   | Became a worshipper of Uskayaw the Reveller
  5275 | D:6      | Reached * piety under Uskayaw
  5278 | D:6      | Reached ** piety under Uskayaw
  5281 | D:6      | Reached skill level 1 in Invocations
  5466 | D:6      | Found Kiban's Antique Armour Boutique.
  5471 | D:6      | Noticed Menkaure
  5480 | D:6      | Killed Menkaure
  5492 | D:6      | Bought a runed leather armour for 95 gold pieces
  6096 | D:7      | Reached *** piety under Uskayaw
  6098 | D:7      | Reached skill level 8 in Stealth
  6102 | D:7      | Reached **** piety under Uskayaw
  6110 | D:7      | Reached ***** piety under Uskayaw
  6112 | D:7      | Reached XP level 9. HP: 31/47 MP: 5/12
  6304 | D:7      | Noticed a kobold demonologist
  6324 | D:7      | Killed a kobold demonologist
  6687 | D:7      | Reached skill level 5 in Invocations
  6962 | D:7      | Reached skill level 9 in Stealth
  7321 | D:8      | Found a staircase to the Lair.
  7345 | D:8      | HP: 2/49 [warg (6)]
  7345 | D:8      | Mangled by a warg

Illustrated notes

Levels and vault maps discovered:
D:1:      dpeg_arrival_another_circle, layout_basic, minmay_pentomino_u2
D:2:      layout_basic, eino_tiny_chamber, corner_web_ring,
          kennysheep_jessica_study
D:3:      layout_basic, chequers_serial_rivers_large_a, grunt_decor_fettered
D:4:      layout_basic, okawaru_ov_weapons_minmay,
          hangedman_decor_clover_reticule, uniq_edmund, uniq_sigmund,
          uniq_eustachio
D:5:      layout_basic, uniq_blork_the_orc
D:6:      layout_basic, minmay_temple_entry_waves, serial_shops,
          nicolae_shop_trees, uniq_menkaure
D:7:      layout_basic, kb_lookout_dungeons_type
D:8:      layout_cave_pools, erik_lair_orcish_takeover, special_room
          [special_room_orc], uniq_psyche, uniq_pikel
Temple:   dpeg_five_rooms_temple

Skill      XL: |  1  2  3  4  5  6  7  8  9 |
---------------+----------------------------+-----
Fighting       | 2 3 4 5 6 |  6.8
Short Blades   | 2 3 4 5 6 |  6.8
Stealth        | 5 6 7 8 9 |  9.1
Dodging        | 1 |  1.0
Invocations    | 3 5 |  5.6
Throwing       | |  1.7

Action                   |  1- 3 |  4- 6 |  7- 9 || total
-------------------------+-------+-------+-------++-------
Melee: Dagger            |    47 |    84 |   297 ||   428
       Bite              |    11 |    24 |   116 ||   151
       Punch             |       |     2 |     2 ||     4
Throw: Dart              |     1 |     8 |       ||     9
  Use: Scroll            |       |    15 |     1 ||    16
 Stab: Sleeping          |     8 |     6 |     9 ||    23
       Paralysed         |       |       |     6 ||     6
Armor: Robe              |     5 |    12 |    60 ||    77
Dodge: Dodged            |    16 |    39 |   113 ||   168

Table legend: (Time is in decaauts)
 A = Elapsed time spent in this place.
 B = Non-inter-level travel time spent in this place.
 C = Inter-level travel time spent in this place.
 D = Time resting spent in this place.
 E = Time spent auto-exploring this place.
 F = Levels seen in this place.
 G = Mean time per level.
                   A        B        C        D        E       F      G
               +--------+--------+--------+--------+--------+-----+--------+
         Total |   7250 |   6894 |    356 |    181 |   5736 |   9 |  805.6 |
       Dungeon |   7031 |   6705 |    326 |    181 |   5571 |   8 |  878.9 |
        Temple |    218 |    188 |     30 |      0 |    165 |   1 |  218.0 |
               +--------+--------+--------+--------+--------+-----+--------+

Top non-repeatable levels by time:
     D:1: 1666 daAuts
     D:7: 1064 daAuts
     D:6: 995 daAuts
     D:5: 933 daAuts
     D:4: 826 daAuts
     D:3: 820 daAuts
     D:2: 664 daAuts
  Temple: 218 daAuts
     D:8: 60 daAuts
